[Event "Titled Tuesday Blitz July 11 Early 2023"]
[White "Gontcharov, Vladislav"]
[Black "Khromkin, Andrey"]
[WhiteFideId "4123492"]
[BlackFideId "4154126"]
[WhiteElo "2581"]
[BlackElo "2439"]
[Result "1-0"]
[Round "10"]
[TimeControl "180+2"]
[Date "2023.07.11"]
[WhiteClock "0:01:01"]
[BlackClock "0:00:15"]
[Board "74"]

1. d4 d5 2. Nf3 a5 3. c4 dxc4 4. Qa4+ Nc6 5. Qxc4 Be6 6. Qa4 Bd5 7. e3 Bxf3 8. gxf3 Nf6 9. Bb5 Qd6 10. Nc3 e6 11. e4 O-O-O 12. Bxc6 Qxc6 13. Qxc6 bxc6 14. Be3 Bb4 15. Rc1 Kb7 16. Ke2 Nd7 17. a3 Bxc3 18. Rxc3 Nb8 19. Rg1 g6 20. h4 h6 21. Rc5 Kb6 22. Rgc1 Rd6 23. d5 Kb7 24. dxc6+ Rxc6 25. Rb5+ Kc8 26. Rxb8+ Kxb8 27. Rxc6 1-0


[Site "https://www.chess.com"]

[Event "Titled Tuesday Blitz July 11 Early 2023"]
[White "Rom, Jasper"]
[Black "ATM622"]
[WhiteFideId "2023733"]
[WhiteElo "2431"]
[BlackElo "2577"]
[Result "0-1"]
[Round "10"]
[TimeControl "180+2"]
[Date "2023.07.11"]
[WhiteClock "0:00:00"]
[BlackClock "0:00:49"]
[Board "75"]

1. e4 e5 2. Nf3 Nf6 3. Nxe5 d6 4. Nf3 Nxe4 5. Nc3 Nxc3 6. dxc3 Bg4 7. Be3 Be7 8. h3 Bh5 9. g4 Bg6 10. Bg2 O-O 11. Qd2 c6 12. h4 Be4 13. g5 d5 14. O-O-O Qa5 15. Kb1 Nd7 16. h5 Nb6 17. h6 Nc4 18. Qd4 f6 19. hxg7 Kxg7 20. Rdg1 Qb5 21. gxf6+ Bxf6 22. Bf1+ Kh8 23. Bxc4 Qxc4 24. Qxf6+ Rxf6 25. Bd4 Rf8 26. Rh6 Bg6 27. Ne5 Qxd4 28. cxd4 Bxc2+ 29. Kxc2 Rxh6 30. f3 Rh5 31. Rg3 c5 32. Kd3 cxd4 33. Kxd4 Rf4+ 34. Kxd5 Rff5 35. f4 Rxf4 36. Kd6 Rd4+ 37. Ke6 Re4 38. Kf7 Rf5+ 0-1


[Site "https://www.chess.com"]

[Event "Titled Tuesday Blitz July 11 Early 2023"]
[White "Goldin, Roman"]
[Black "Michalczak, Thomas"]
[WhiteFideId "2803860"]
[BlackFideId "4622634"]
[WhiteElo "2405"]
[BlackElo "2569"]
[Result "1-0"]
[Round "10"]
[TimeControl "180+2"]
[Date "2023.07.11"]
[WhiteClock "0:00:04"]
[BlackClock "0:00:00"]
[Board "76"]

1. e4 e5 2. Nf3 Nc6 3. Nc3 Nf6 4. g3 d5 5. exd5 Nxd5 6. d3 Nxc3 7. bxc3 Bc5 8. Bg2 O-O 9. O-O Bg4 10. h3 Bh5 11. g4 Bg6 12. Ng5 Qd7 13. Rb1 Bb6 14. Qe2 Rae8 15. Be3 f6 16. Ne4 f5 17. gxf5 Bxf5 18. Qh5 Bg6 19. Qg4 Bf5 20. Qh5 Re6 21. Rb5 Rg6 22. Kh2 Qf7 23. Ng5 Rxg5 24. Qxf7+ Rxf7 25. Bxg5 Bd7 26. Be3 Kf8 27. Bd5 Rf6 28. Bxb6 axb6 29. Bxc6 Rxc6 30. Rxe5 Rxc3 31. Rc1 Bc6 32. Kg3 b5 33. Rf5+ Kg8 34. Rf4 g6 35. Rb4 Rc5 36. f4 Kg7 37. Rd4 Kf6 38. c4 bxc4 39. dxc4 Ra5 40. Rc2 Ra3+ 41. Kh2 Rf3 42. Re2 Rf1 43. Red2 h5 44. h4 Rh1+ 45. Kg3 Rg1+ 46. Kf2 Rg4 47. f5 Rg2+ 48. Kf1 Rh2 49. fxg6 Rh1+ 50. Kf2 Kxg6 51. Kg3 Rg1+ 52. Kf4 Rg4+ 53. Ke5 Rg3 54. R4d3 Rg4 55. Rd4 Rg3 56. R2d3 Rg2 57. Rd2 Rg1 58. Rd1 Rg3 59. R1d2 Re3+ 60. Kf4 Re6 61. R2d3 Rf6+ 62. Kg3 Rf1 63. Rf4 Rg1+ 64. Kf2 Rh1 65. Rg3+ Kh6 66. Ke3 Re1+ 67. Kd4 Re6 68. c5 Re7 69. a3 Rd7+ 70. Ke5 Rd5+ 71. Kf6 Rxc5 72. Rg6+ Kh7 73. Rf5 Rxf5+ 74. Kxf5 Be4+ 75. Kxe4 Kxg6 76. Ke5 c6 77. Kd6 Kf5 78. a4 Kg4 79. a5 Kxh4 80. Kc7 c5 81. Kxb7 c4 82. a6 c3 83. a7 c2 84. a8=Q c1=Q 85. Qd8+ Qg5 86. Qd4+ Qg4 87. Qf2+ Qg3 88. Qf6+ Kh3 89. Qf5+ Qg4 90. Qf6 h4 91. Kb8 Kh2 92. Qf2+ Kh3 93. Qf1+ Qg2 94. Qf5+ Qg4 95. Qf1+ Kh2 96. Qf2+ Kh1 97. Qf1+ Qg1 98. Qf5 1-0


[Site "https://www.chess.com"]

[Event "Titled Tuesday Blitz July 11 Early 2023"]
[White "chess123456s"]
[Black "Rodriguez Santiago, Jaime"]
[BlackFideId "3100898"]
[WhiteElo "2569"]
[BlackElo "2385"]
[Result "0-1"]
[Round "10"]
[TimeControl "180+2"]
[Date "2023.07.11"]
[WhiteClock "0:00:00"]
[BlackClock "0:00:07"]
[Board "77"]

1. e4 c6 2. d4 d5 3. e5 Bf5 4. h4 h5 5. Bd3 Bxd3 6. Qxd3 Qa5+ 7. Nd2 e6 8. Nf3 c5 9. c4 Qa6 10. O-O Nc6 11. Re1 Nh6 12. Qc2 Nf5 13. dxc5 dxc4 14. Nxc4 Bxc5 15. a3 O-O 16. Bf4 Ncd4 17. Nxd4 Bxd4 18. Qe2 Rfd8 19. Rad1 Rac8 20. b3 g6 21. Bg5 Rd5 22. Bf6 b5 23. Nd2 Rc2 24. Rc1 Ra2 25. a4 Bxf2+ 26. Qxf2 Rdxd2 27. Qxa7 Qxa7+ 28. Kh1 Qb7 0-1


[Site "https://www.chess.com"]

[Event "Titled Tuesday Blitz July 11 Early 2023"]
[White "Jegorovas, Aleksandras"]
[Black "Horobetz, Graham"]
[WhiteFideId "12801950"]
[BlackFideId "2047322"]
[WhiteElo "2398"]
[BlackElo "2566"]
[Result "1-0"]
[Round "10"]
[TimeControl "180+2"]
[Date "2023.07.11"]
[WhiteClock "0:02:05"]
[BlackClock "0:00:03"]
[Board "78"]

1. d4 Nf6 2. c4 g6 3. Nc3 d5 4. cxd5 Nxd5 5. e4 Nxc3 6. bxc3 Bg7 7. Bc4 c5 8. Ne2 O-O 9. Be3 Nc6 10. Rc1 b6 11. h4 cxd4 12. cxd4 Na5 13. Bd3 f5 14. exf5 Bxf5 15. h5 e5 16. hxg6 hxg6 17. Bxf5 Rxf5 18. Ng3 exd4 19. Nxf5 gxf5 20. Bh6 Bxh6 21. Rxh6 Qg5 22. Rh3 f4 23. Qd3 Re8+ 24. Kf1 f3 25. Qh7+ Kf8 26. Rxf3+ 1-0


[Site "https://www.chess.com"]

[Event "Titled Tuesday Blitz July 11 Early 2023"]
[White "Lopez Idarraga, Daniel Eduardo"]
[Black "Karttunen, Mika"]
[WhiteFideId "4405501"]
[BlackFideId "502081"]
[WhiteElo "2361"]
[BlackElo "2557"]
[Result "0-1"]
[Round "10"]
[TimeControl "180+2"]
[Date "2023.07.11"]
[WhiteClock "0:00:10"]
[BlackClock "0:00:14"]
[Board "79"]

1. e4 e6 2. d4 d5 3. Nc3 Bb4 4. e5 c5 5. a3 Bxc3+ 6. bxc3 Ne7 7. a4 b6 8. Bb5+ Nec6 9. Nf3 O-O 10. O-O Ba6 11. Ng5 h6 12. Nh3 Bxb5 13. axb5 Ne7 14. Nf4 Nf5 15. c4 dxc4 16. dxc5 bxc5 17. Qxd8 Rxd8 18. Ra4 Nd7 19. Rxc4 Rab8 20. g4 Nd4 21. Be3 Nf3+ 22. Kg2 Nfxe5 23. Ra4 Rxb5 24. Rd1 Ra8 25. Re4 Rc8 26. Ne2 Rb7 27. Nc3 Ng6 28. Kg3 Nb6 29. f4 a6 30. h4 Ne7 31. Rd6 Ned5 32. Bd2 Rd7 33. Rxd7 Nxd7 34. Ra4 Rc6 35. Ne4 f5 36. Nf2 Nb4 37. Bxb4 cxb4 38. Nd3 Rxc2 39. Nxb4 Rc4 40. gxf5 exf5 41. Kf3 Nf6 42. Ke2 Nd5 43. Nxd5 Rxa4 44. Ne7+ Kh7 45. Nxf5 Rxf4 0-1


[Site "https://www.chess.com"]

[Event "Titled Tuesday Blitz July 11 Early 2023"]
[White "Tsyhanchuk, Stanislav"]
[Black "Matveeva, Olga"]
[WhiteFideId "13505130"]
[BlackFideId "24107018"]
[WhiteElo "2305"]
[BlackElo "2442"]
[Result "1-0"]
[Round "10"]
[TimeControl "180+2"]
[Date "2023.07.11"]
[WhiteClock "0:00:25"]
[BlackClock "0:00:01"]
[Board "80"]

1. e4 e6 2. d4 d5 3. e5 c5 4. c3 Nc6 5. Nf3 Qb6 6. Bd3 Bd7 7. Bc2 cxd4 8. cxd4 Rc8 9. Nc3 Nge7 10. O-O Ng6 11. h4 Bb4 12. h5 Nge7 13. Rb1 Bxc3 14. bxc3 Qc7 15. Ba3 O-O 16. Ng5 g6 17. hxg6 fxg6 18. Qg4 Rf5 19. Bxf5 Nxf5 20. Bd6 Nxd6 21. Qh3 h5 22. exd6 Qxd6 23. Rxb7 Rd8 24. Re1 e5 25. Rxd7 Qxd7 26. dxe5 Qxh3 27. Nxh3 Kf7 28. Nf4 Rb8 29. e6+ Ke8 30. Nxd5 Rb2 31. e7 1-0


[Site "https://www.chess.com"]

[Event "Titled Tuesday Blitz July 11 Early 2023"]
[White "Hilary46"]
[Black "Ljukin, Sergei"]
[BlackFideId "14102200"]
[WhiteElo "2733"]
[BlackElo "2496"]
[Result "1-0"]
[Round "10"]
[TimeControl "180+2"]
[Date "2023.07.11"]
[WhiteClock "0:01:20"]
[BlackClock "0:00:00"]
[Board "81"]

1. e4 e6 2. d4 d5 3. Nc3 Bb4 4. e5 Ne7 5. a3 Bxc3+ 6. bxc3 c5 7. Qg4 Qc7 8. Qxg7 Rg8 9. Qxh7 cxd4 10. Qd3 Qxe5+ 11. Ne2 dxc3 12. Qxc3 Nbc6 13. Qxe5 Nxe5 14. Nf4 Bd7 15. Nh5 O-O-O 16. Bb2 N7c6 17. Nf6 Rg6 18. Nxd7 Nxd7 19. h4 e5 20. h5 Rh6 21. O-O-O Rg8 22. Rxd5 Rg5 23. g4 Nf6 24. Rc5 Nxg4 25. Bh3 f5 26. Bxg4 fxg4 27. Rc4 Rhxh5 28. Rxh5 Rxh5 29. Rxg4 Rf5 30. Rg2 Kc7 31. Kd2 Na5 32. Kd3 Rf3+ 33. Ke4 Rh3 34. Bxe5+ Kc6 35. Rg6+ Kb5 36. f4 Nc4 37. Bd4 Nxa3 38. c3 b6 39. f5 Nc4 40. f6 Nd6+ 41. Kd5 Nf7 42. Rg7 Nd8 43. Rd7 1-0


[Site "https://www.chess.com"]

[Event "Titled Tuesday Blitz July 11 Early 2023"]
[White "Tregubov, Pavel V."]
[Black "Szczurek, Krzysztof"]
[WhiteFideId "4115341"]
[BlackFideId "1185489"]
[WhiteElo "2653"]
[BlackElo "2490"]
[Result "1-0"]
[Round "10"]
[TimeControl "180+2"]
[Date "2023.07.11"]
[WhiteClock "0:00:05"]
[BlackClock "0:00:03"]
[Board "82"]

1. e4 c5 2. Nf3 d6 3. Bb5+ Bd7 4. Bxd7+ Nxd7 5. O-O Ngf6 6. Qe2 e6 7. c3 Be7 8. d4 cxd4 9. cxd4 O-O 10. Nc3 a6 11. e5 Nd5 12. Nxd5 exd5 13. e6 Nf6 14. exf7+ Kh8 15. Ng5 Qd7 16. Re1 Bd8 17. Qe6 h6 18. Qxd7 Nxd7 19. Ne6 Rxf7 20. Bf4 Ba5 21. Re3 Rf6 22. Bg3 g5 23. b4 Bxb4 24. Rb1 Bd2 25. Re2 Re8 26. Rxd2 Rfxe6 27. f3 b5 28. Rc2 Nb6 29. Rc6 Nc4 30. Rxa6 Rb8 31. Rb4 Re2 32. a4 Ne3 33. Rxb5 Rxg2+ 34. Kh1 Rxb5 35. axb5 Rb2 36. h4 Rb1+ 37. Kh2 Nf1+ 38. Kh3 Rxb5 39. Bxd6 Rb3 40. Be5+ Kg8 41. Rxh6 gxh4 42. Kg4 Nh2+ 43. Bxh2 1-0


[Site "https://www.chess.com"]

[Event "Titled Tuesday Blitz July 11 Early 2023"]
[White "Djokic, Mihailo"]
[Black "MateoReyes"]
[WhiteFideId "976440"]
[WhiteElo "2611"]
[BlackElo "2487"]
[Result "0-1"]
[Round "10"]
[TimeControl "180+2"]
[Date "2023.07.11"]
[WhiteClock "0:01:00"]
[BlackClock "0:00:34"]
[Board "83"]

1. e4 c5 2. Nf3 d6 3. d4 cxd4 4. Nxd4 Nf6 5. Nc3 a6 6. Rg1 e5 7. Nb3 h5 8. h3 Be6 9. g4 hxg4 10. hxg4 Nfd7 11. g5 g6 12. Be3 Be7 13. Nd5 Bxd5 14. exd5 Nb6 15. a4 Qc7 16. Rg4 Rh1 17. Qf3 Rh8 18. a5 N6d7 19. Rc4 Nc5 20. Nxc5 dxc5 21. d6 Bxd6 22. O-O-O Nc6 23. Bxc5 Bxc5 24. Rxc5 Rd8 25. Rxd8+ Qxd8 26. Bc4 Qxg5+ 27. Kb1 Qe7 28. b4 e4 29. Qc3 Rh1+ 30. Ka2 Kf8 31. Bd5 Nd8 32. Rc7 Qd6 33. Bxe4 Qe6+ 34. Qc4 Qxc4+ 35. Rxc4 Rh2 36. f3 Ke7 37. Kb3 Kd6 38. Rc8 Kd7 39. Rxd8+ Kxd8 40. Bxb7 Rf2 41. b5 Kc7 42. bxa6 Kb8 43. Bd5 f5 44. c3 g5 45. Kb4 g4 46. fxg4 fxg4 47. c4 g3 48. c5 g2 49. c6 g1=Q 50. c7+ Kxc7 51. a7 0-1


[Site "https://www.chess.com"]

[Event "Titled Tuesday Blitz July 11 Early 2023"]
[White "KorolDimitriy75"]
[Black "Shukhman, Anna"]
[BlackFideId "54180058"]
[WhiteElo "2442"]
[BlackElo "2583"]
[Result "0-1"]
[Round "10"]
[TimeControl "180+2"]
[Date "2023.07.11"]
[WhiteClock "0:00:00"]
[BlackClock "0:01:00"]
[Board "84"]

1. d4 Nf6 2. c4 g6 3. Nc3 d5 4. cxd5 Nxd5 5. e4 Nxc3 6. bxc3 Bg7 7. Nf3 c5 8. Rb1 O-O 9. Be2 cxd4 10. cxd4 Qa5+ 11. Qd2 Qxd2+ 12. Bxd2 Rd8 13. d5 e6 14. Bc4 b6 15. dxe6 Bxe6 16. Bxe6 fxe6 17. Ke2 Nc6 18. Rhc1 Rac8 19. Be3 Na5 20. Ng5 Re8 21. Rxc8 Rxc8 22. Nxe6 Rc2+ 23. Kd3 Rxa2 24. Rc1 Ra3+ 25. Ke2 Rc3 26. Rd1 Bf6 27. Rd7 Nc4 28. Bh6 a5 29. f4 Re3+ 30. Kf2 Rxe4 31. Ng5 Rxf4+ 32. Kg3 Bxg5 33. Bxg5 Rf8 34. Bh6 Ra8 35. Rg7+ Kh8 36. Rc7 Nd6 37. Bg7+ Kg8 38. Be5 Nf5+ 39. Kf4 Rf8 40. g4 Nd6+ 41. Ke3 Re8 0-1


[Site "https://www.chess.com"]

[Event "Titled Tuesday Blitz July 11 Early 2023"]
[White "Avazkhonov, Alikhon"]
[Black "Borrmann, Laurenz"]
[WhiteFideId "14208504"]
[BlackFideId "312187930"]
[WhiteElo "2454"]
[BlackElo "2559"]
[Result "0-1"]
[Round "10"]
[TimeControl "180+2"]
[Date "2023.07.11"]
[WhiteClock "0:00:02"]
[BlackClock "0:00:13"]
[Board "85"]

1. d4 f5 2. g3 Nf6 3. Bg2 e6 4. Nh3 Nc6 5. O-O Be7 6. c4 O-O 7. Nc3 Qe8 8. Nf4 g5 9. Nh3 h6 10. e4 f4 11. e5 Nh5 12. Bf3 Ng7 13. gxf4 Nf5 14. Bh5 Qd8 15. d5 Ncd4 16. fxg5 Bc5 17. Ne4 b6 18. gxh6 Qh4 19. Qg4+ Qxg4+ 20. Bxg4 Bb7 21. Nf6+ Kh8 22. h7 exd5 23. Nf4 Rxf6 24. exf6 Kxh7 25. Be3 Rg8 26. h3 dxc4 27. f7 Rg7 28. Kh2 Bd6 29. Rg1 Rxf7 30. Bh5 Nxe3 31. fxe3 Rxf4 32. exf4 Bxf4+ 33. Rg3 Kh6 34. Bg4 Kg5 35. Rf1 Bd6 36. Bxd7+ Kh4 37. Rf7 Bxg3+ 38. Kg1 Bd6 39. Rh7+ Kg3 40. Rg7+ Kf4 41. Rg4+ Ke3 42. h4 Ne2+ 43. Kf1 Bf3 44. Rg5 Ng3+ 45. Ke1 Bb4# 0-1


[Site "https://www.chess.com"]

[Event "Titled Tuesday Blitz July 11 Early 2023"]
[White "Fiorito, Francisco"]
[Black "Estrada Nieto, Julian"]
[WhiteFideId "180165"]
[BlackFideId "5101018"]
[WhiteElo "2543"]
[BlackElo "2436"]
[Result "1-0"]
[Round "10"]
[TimeControl "180+2"]
[Date "2023.07.11"]
[WhiteClock "0:01:23"]
[BlackClock "0:00:00"]
[Board "86"]

1. d4 d5 2. Nc3 Nf6 3. Bf4 c6 4. e3 Bf5 5. f3 h6 6. g4 Bh7 7. h4 h5 8. g5 Nfd7 9. Bd3 Bxd3 10. Qxd3 g6 11. e4 e6 12. O-O-O Bg7 13. Bd6 Nb6 14. Be5 Bxe5 15. dxe5 N8d7 16. f4 O-O 17. Nf3 Nc4 18. b3 Na3 19. f5 Qa5 20. fxg6 fxg6 21. exd5 Rf5 22. dxe6 Nc5 23. Qe3 Nxe6 24. Rd6 Re8 25. Nd4 Rxe5 26. Qd3 Nf4 27. Rxg6+ Nxg6 28. Qxg6+ Kh8 29. Qxh5+ Kg8 30. Qg6+ Kh8 31. Kb2 Nc4+ 32. bxc4 Qb4+ 33. Nb3 Re3 34. Qf6+ Kg8 35. Rd1 a5 36. Rd7 R8e7 37. Rd8+ Re8 38. Qg6+ Kf8 39. Rxe8+ Rxe8 40. Qf6+ Kg8 41. g6 Re7 42. c5 Rd7 43. Qe6+ 1-0


[Site "https://www.chess.com"]

[Event "Titled Tuesday Blitz July 11 Early 2023"]
[White "a-z30"]
[Black "Chernomordik, Pavel"]
[BlackFideId "2804530"]
[WhiteElo "2404"]
[BlackElo "2543"]
[Result "1-0"]
[Round "10"]
[TimeControl "180+2"]
[Date "2023.07.11"]
[WhiteClock "0:00:16"]
[BlackClock "0:00:15"]
[Board "87"]

1. d3 g6 2. Nf3 Bg7 3. g3 e5 4. Bg2 Nc6 5. O-O d6 6. c4 h6 7. Nc3 Be6 8. Rb1 Nge7 9. b4 Qd7 10. b5 Nd8 11. Bb2 O-O 12. d4 exd4 13. Nd5 Bf5 14. Rc1 Nxd5 15. cxd5 Qxb5 16. Bxd4 Qxd5 17. Bxg7 Qxd1 18. Rfxd1 Kxg7 19. Rxc7 Be4 20. Rxd6 Re8 21. Nd4 Bxg2 22. Kxg2 Re5 23. Rcd7 Nc6 24. Rxb7 Nxd4 25. Rxd4 Rxe2 26. Rdd7 Rf8 27. Rxa7 Kf6 28. a4 Ra2 29. a5 Ke6 30. Rdb7 Rd8 31. Rxf7 Rd5 32. Rae7+ Kd6 33. Rd7+ Kc6 34. Rxd5 Kxd5 35. Rf6 Rxa5 36. Rxg6 Ke4 37. Rxh6 Ra2 38. Rh4+ Ke5 39. Rf4 Rc2 40. h4 Ke6 41. h5 Rc5 42. g4 Rc3 43. f3 Ke5 44. Kg3 Rc1 45. Rf5+ Ke6 46. Kh4 Rc8 47. Kg5 Rg8+ 48. Kh6 Rb8 49. Kg7 Rb7+ 50. Kg6 Rb8 51. h6 Rg8+ 52. Kh5 Rb8 53. h7 1-0


[Site "https://www.chess.com"]

[Event "Titled Tuesday Blitz July 11 Early 2023"]
[White "Goltseva, Ekaterina"]
[Black "Romero Ruscalleda, Josep"]
[WhiteFideId "24173770"]
[BlackFideId "2231859"]
[WhiteElo "2532"]
[BlackElo "2418"]
[Result "0-1"]
[Round "10"]
[TimeControl "180+2"]
[Date "2023.07.11"]
[WhiteClock "0:00:00"]
[BlackClock "0:00:19"]
[Board "88"]

1. Nf3 g6 2. b3 Bg7 3. d4 c5 4. e3 Nc6 5. Bb2 cxd4 6. exd4 Nf6 7. Bd3 d6 8. O-O O-O 9. Nbd2 Bd7 10. c4 Rc8 11. Rc1 Qa5 12. Bb1 Qh5 13. h3 Bh6 14. Rc3 d5 15. Re1 Rfe8 16. Nf1 Bf4 17. Bc1 Bb8 18. Ne3 dxc4 19. bxc4 e5 20. d5 Nd4 21. Nf1 Nxf3+ 22. Rxf3 Kg7 23. Ng3 Qh4 24. Ne4 Nxe4 25. Rxe4 Qe7 26. Ba3 Bd6 27. Bb2 f5 28. Re1 Kg8 29. Rfe3 e4 30. Qd4 Be5 31. Qxe5 Qxe5 32. Bxe5 Rxe5 33. f3 Rxc4 34. fxe4 fxe4 35. Rxe4 Rcxe4 36. Rxe4 Rxe4 37. Bxe4 Kf7 38. Kf2 Kf6 39. Ke3 Ke5 40. Bf3 b6 41. Kd3 Bb5+ 42. Kc3 Bf1 43. Kb4 Kd6 44. a4 a6 45. a5 bxa5+ 46. Kxa5 Kc5 47. Be4 Bc4 48. Bf3 Bxd5 49. Kxa6 Bxf3 50. gxf3 Kd4 51. Kb6 Ke3 52. Kc6 Kxf3 53. Kd6 Kg3 54. Ke6 Kxh3 55. Kf6 Kg4 56. Kg7 h5 57. Kf7 h4 0-1


[Site "https://www.chess.com"]

[Event "Titled Tuesday Blitz July 11 Early 2023"]
[White "Haitin, Ilja"]
[Black "Tokman, Ariel"]
[WhiteFideId "4501764"]
[BlackFideId "117420"]
[WhiteElo "2385"]
[BlackElo "2530"]
[Result "1-0"]
[Round "10"]
[TimeControl "180+2"]
[Date "2023.07.11"]
[WhiteClock "0:00:05"]
[BlackClock "0:00:00"]
[Board "89"]

1. Nf3 g6 2. e4 Bg7 3. d4 d6 4. c3 c6 5. Bd3 Nd7 6. O-O e5 7. Be3 Ngf6 8. h3 O-O 9. Nbd2 Re8 10. Re1 Qc7 11. a4 Nf8 12. dxe5 dxe5 13. Nc4 Nh5 14. Kh2 Rd8 15. Qc2 Nf4 16. Bf1 b6 17. g3 N4e6 18. Red1 Bb7 19. a5 b5 20. a6 Bc8 21. Rxd8 Nxd8 22. Ncd2 Nfe6 23. Nb3 Bd7 24. Rd1 Be8 25. Nc5 Qc8 26. c4 Nxc5 27. Bxc5 Ne6 28. Bd6 Qxa6 29. cxb5 cxb5 30. Bxe5 Qb6 31. Bxg7 Kxg7 32. Qc3+ Kg8 33. Kg2 a5 34. Ne5 h5 35. Qb3 Kg7 36. h4 Rd8 37. Rxd8 Nxd8 38. Nf3 Ne6 39. Qc3+ f6 40. e5 f5 41. Ng5 Bf7 42. Nxe6+ Bxe6 43. Be2 b4 44. Qd3 a4 45. Qd2 Qc5 46. Qg5 Qc6+ 47. Bf3 Qc7 48. Qf6+ 1-0


[Site "https://www.chess.com"]

[Event "Titled Tuesday Blitz July 11 Early 2023"]
[White "Wernberg, Hugo"]
[Black "Demin, Vladimir"]
[WhiteFideId "1737511"]
[BlackFideId "4167457"]
[WhiteElo "2348"]
[BlackElo "2528"]
[Result "0-1"]
[Round "10"]
[TimeControl "180+2"]
[Date "2023.07.11"]
[WhiteClock "0:00:00"]
[BlackClock "0:00:53"]
[Board "90"]

1. d4 d5 2. c4 e6 3. Nf3 Nf6 4. g3 Be7 5. Bg2 O-O 6. O-O dxc4 7. Qc2 b5 8. a4 Bb7 9. axb5 a6 10. bxa6 Nxa6 11. Qxc4 Bd5 12. Qd3 Nb4 13. Rxa8 Qxa8 14. Qd1 c5 15. dxc5 Bxc5 16. Ne1 Rd8 17. Bxd5 Nfxd5 18. Qb3 Rb8 19. Qf3 Na2 20. Nd3 Bd4 21. Nd2 h6 22. Nc4 Qa6 23. Ne3 Nxc1 24. Rxc1 Nxe3 25. fxe3 Bxb2 26. Rb1 Qa2 27. Qf1 Be5 28. Rxb8+ Bxb8 29. e4 Qc4 30. Qf3 Qd4+ 31. Kg2 Ba7 32. e5 Qg1+ 33. Kh3 Be3 34. Qa8+ Kh7 35. Qe4+ g6 36. Qf3 Kg8 37. Qa8+ Kg7 38. Qf3 Bg5 39. Nf2 Qa1 40. Ne4 Qxe5 41. Nxg5 Qxg5 42. Qc3+ Qf6 0-1


[Site "https://www.chess.com"]

[Event "Titled Tuesday Blitz July 11 Early 2023"]
[White "Turzo, Attila"]
[Black "Atanasov, Radislav"]
[WhiteFideId "704954"]
[BlackFideId "2901471"]
[WhiteElo "2521"]
[BlackElo "2238"]
[Result "0-1"]
[Round "10"]
[TimeControl "180+2"]
[Date "2023.07.11"]
[WhiteClock "0:01:04"]
[BlackClock "0:00:36"]
[Board "91"]

1. d4 Nf6 2. c4 c5 3. d5 e6 4. g3 exd5 5. cxd5 d6 6. Bg2 g6 7. Nc3 Bg7 8. Nf3 O-O 9. O-O Re8 10. Bf4 a6 11. a4 Ne4 12. Nxe4 Rxe4 13. Qc2 Rxf4 14. gxf4 Nd7 15. e4 Nf6 16. Rad1 Nh5 17. Qd2 Bd7 18. e5 Bxa4 19. Ra1 Bb5 20. Rfe1 Bh6 21. Ng5 dxe5 22. Rxe5 Qf6 23. Ne4 Qh4 24. Rxh5 gxh5 25. Ng5 Re8 26. d6 Re2 27. Qd5 Qxf2+ 28. Kh1 Re1+ 29. Rxe1 Qxe1+ 0-1


[Site "https://www.chess.com"]

[Event "Titled Tuesday Blitz July 11 Early 2023"]
[White "feuervogel1000000"]
[Black "Ishowmoves57"]
[WhiteElo "2518"]
[BlackElo "2172"]
[Result "1-0"]
[Round "10"]
[TimeControl "180+2"]
[Date "2023.07.11"]
[WhiteClock "0:02:16"]
[BlackClock "0:00:41"]
[Board "92"]

1. d4 Nf6 2. c4 e6 3. Nc3 Bb4 4. Qc2 d5 5. a3 Bxc3+ 6. Qxc3 dxc4 7. Qxc4 b6 8. Nf3 Ba6 9. Qa4+ Qd7 10. Qc2 Qd8 11. Bg5 Nbd7 12. Ne5 c5 13. Bxf6 gxf6 14. Nxd7 Qxd7 15. dxc5 bxc5 16. Qxc5 Rc8 17. Qa5 Qc6 18. Qb4 Rb8 19. Qxb8+ Ke7 20. Qxh8 Qb5 21. Rd1 Qa5+ 22. b4 Qxa3 23. Qd8# 1-0


[Site "https://www.chess.com"]

[Event "Titled Tuesday Blitz July 11 Early 2023"]
[White "Rios Escobar, Adan"]
[Black "Kantans, Toms"]
[WhiteFideId "3403645"]
[BlackFideId "11602945"]
[WhiteElo "2418"]
[BlackElo "2631"]
[Result "1-0"]
[Round "10"]
[TimeControl "180+2"]
[Date "2023.07.11"]
[WhiteClock "0:00:03"]
[BlackClock "0:00:00"]
[Board "93"]

1. d4 Nf6 2. g3 g6 3. Bg2 Bg7 4. e4 d6 5. Ne2 O-O 6. O-O c5 7. dxc5 dxc5 8. e5 Ng4 9. f4 h5 10. h3 Nh6 11. Be3 Na6 12. Nbc3 Nf5 13. Bf2 Rb8 14. Qd5 Be6 15. Qxd8 Rfxd8 16. Rad1 b6 17. Nb5 Bc4 18. Nbc3 Nb4 19. b3 Ba6 20. Be4 Nxa2 21. Rxd8+ Rxd8 22. Ra1 Nb4 23. Kg2 Rd2 24. Be1 Rd7 25. g4 hxg4 26. hxg4 Nd4 27. Nxd4 Rxd4 28. Kf3 Rd7 29. Ne2 Bb7 30. Bxb7 Rxb7 31. c3 Nc6 32. Rd1 e6 33. Bf2 Bf8 34. Bh4 b5 35. Bf6 a5 36. Ng3 a4 37. Rh1 Bg7 38. bxa4 bxa4 39. Ne4 a3 40. Bxg7 Kxg7 41. Nf6 g5 42. Rh7+ Kg6 43. Ke4 gxf4 44. Kxf4 a2 45. Rh8 Nxe5 46. Kxe5 a1=Q 47. Rg8+ 1-0


[Site "https://www.chess.com"]

[Event "Titled Tuesday Blitz July 11 Early 2023"]
[White "Topalov, Aleksandar"]
[Black "Fiorito, Joaquin"]
[WhiteFideId "925659"]
[BlackFideId "180173"]
[WhiteElo "2414"]
[BlackElo "2600"]
[Result "0-1"]
[Round "10"]
[TimeControl "180+2"]
[Date "2023.07.11"]
[WhiteClock "0:00:00"]
[BlackClock "0:00:11"]
[Board "94"]

1. b3 d5 2. Bb2 c5 3. e3 Nf6 4. Nf3 Nc6 5. Bb5 Bd7 6. O-O g6 7. c4 dxc4 8. Bxc4 Bg7 9. a3 O-O 10. Qc2 a6 11. Be2 Rc8 12. d3 b5 13. Nbd2 Na5 14. Rac1 Be6 15. Be5 Qd5 16. Qb2 Nh5 17. Bxg7 Nxg7 18. Rc2 Nb7 19. Rfc1 Rfd8 20. b4 cxb4 21. axb4 Rxc2 22. Rxc2 a5 23. e4 Qd7 24. Ne5 Qe8 25. Nc6 Ra8 26. bxa5 Nxa5 27. Nd4 Bd7 28. N2b3 Nxb3 29. Nxb3 Ne6 30. d4 Ra4 31. g3 Ra8 32. d5 Ng5 33. Nc5 f6 34. h4 Nf7 35. Nxd7 Qxd7 36. Qxb5 Qh3 37. Rc1 Ne5 38. Qb7 Re8 39. Rc7 Kf8 40. Qb6 Ra8 41. Rc1 Ra2 42. Qe3 Kg7 43. Bf3 h5 44. Bg2 Qd7 45. Qb3 Ra7 46. Rd1 Ng4 47. Qc2 Qd6 48. Qc3 Rc7 49. Qf3 Ne5 50. Qe3 Rc2 0-1


[Site "https://www.chess.com"]

[Event "Titled Tuesday Blitz July 11 Early 2023"]
[White "Gaal, Zsoka"]
[Black "Ezat, Mohamed"]
[WhiteFideId "777765"]
[BlackFideId "10600906"]
[WhiteElo "2416"]
[BlackElo "2593"]
[Result "0-1"]
[Round "10"]
[TimeControl "180+2"]
[Date "2023.07.11"]
[WhiteClock "0:00:01"]
[BlackClock "0:00:24"]
[Board "95"]

1. Nf3 Nf6 2. b3 g6 3. Bb2 Bg7 4. g3 O-O 5. Bg2 d6 6. d4 e5 7. dxe5 Ng4 8. c4 Nc6 9. O-O a5 10. Nc3 Ngxe5 11. Qd2 Nxf3+ 12. Bxf3 Bh3 13. Rfe1 Ne5 14. Bg2 a4 15. Bxh3 a3 16. Bc1 Qf6 17. Nd5 Nf3+ 18. exf3 Qxa1 19. Bxa3 Qd4 20. Qxd4 Bxd4 21. Bc1 Rxa2 22. Be3 Re8 23. Bd7 Bxe3 24. fxe3 Rd8 25. Bh3 c6 26. Nf6+ Kg7 27. Ne4 Rb2 28. Rd1 Rxb3 29. Kf2 Rb2+ 30. Rd2 Rxd2+ 31. Nxd2 d5 32. c5 Ra8 33. e4 Ra5 34. exd5 cxd5 35. Bc8 Rb5 36. Ke3 Rxc5 37. Bxb7 Rc3+ 38. Kd4 Rc2 39. Kd3 Rc5 40. f4 Rb5 41. Bc6 Ra5 42. Nb3 Ra2 43. Bxd5 Rxh2 44. Ke3 h5 45. Nd4 Rb2 46. Nf3 Rb5 47. Bc4 Rb8 48. Bd3 f6 49. Nd4 Re8+ 50. Kf3 f5 51. Bc4 Kf6 52. Bd3 Rh8 53. Nc2 h4 54. gxh4 Rxh4 55. Ne3 Rh8 56. Bc4 Rh3+ 57. Kg2 Rh4 58. Nd5+ Kg7 59. Kg3 g5 60. fxg5 Rxc4 61. Nf4 Re4 62. Nd5 Kg6 63. Nf6 Rb4 64. Nd5 Rg4+ 65. Kf3 Kxg5 66. Ne3 Ra4 0-1


[Site "https://www.chess.com"]

[Event "Titled Tuesday Blitz July 11 Early 2023"]
[White "Mazurkiewicz, Michal"]
[Black "Pinheiro, Iung Alicio de O."]
[WhiteFideId "1124943"]
[BlackFideId "2104350"]
[WhiteElo "2413"]
[BlackElo "2562"]
[Result "0-1"]
[Round "10"]
[TimeControl "180+2"]
[Date "2023.07.11"]
[WhiteClock "0:00:00"]
[BlackClock "0:00:36"]
[Board "96"]

1. e4 e6 2. d3 d5 3. Nd2 c5 4. Ngf3 Nc6 5. g3 Nf6 6. Bg2 b6 7. O-O Be7 8. Re1 Bb7 9. c3 Qc7 10. a3 dxe4 11. dxe4 Rd8 12. e5 Ng4 13. Qe2 Nh6 14. Ne4 Nxe5 15. Nxe5 Qxe5 16. Bf4 Qf5 17. Qb5+ Kf8 18. Rad1 Rxd1 19. Rxd1 Bxe4 20. Qd7 g5 21. f3 Bc2 0-1


[Site "https://www.chess.com"]